 Dungeon Crawl Stone Soup version 0.29-a0-319-gad05b8d819 (webtiles) character file.

Game seed: 3161604116910809591

122 Morbidden the Chopper (level 4, 0/35 HPs)
             Began as a Demonspawn Fighter on Apr 2, 2022.
             Slain by Duvessa
             ... wielding a +0 short sword
              (2 damage)
             ... on level 4 of the Dungeon.
             The game lasted 00:02:31 (2610 turns).

Morbidden the Chopper (Demonspawn Fighter)          Turns: 2610, Time: 00:02:31

Health: 0/35       AC:  6    Str: 19    XL:     4   Next: 78%
Magic:  13/13      EV:  9    Int:  9    God:
Gold:   275        SH:  5    Dex: 12    Spells: 3/3 levels left

rFire   . . .      SeeInvis .   a - +0 war axe
rCold   . . .      Faith    .   c - +1 buckler
rNeg    . . .      Spirit   .   b - +0 scale mail
rPois   .          Reflect  .   (no helmet)
rElec   .          Harm     .   (no cloak)
rCorr   .          Rampage  .   (no gloves)
Will    .....                   (no boots)
Stlth   ..........              (no amulet)
HPRegen 0.11/turn               n - ring of magical power
MPRegen 0.13/turn               (no ring)

@: mighty, lethally poisoned (0 -> -2), attractive, hasted (expiring),
invisible, very quick
A: weakness stinger 1
a: no special abilities


You were on level 4 of the Dungeon.
You visited 1 branch of the dungeon, and saw 4 of its levels.

You collected 275 gold pieces.

Inventory:

Hand Weapons
 a - a +0 war axe (weapon)
Armour
 b - a +0 scale mail (worn)
 c - a +1 buckler (worn)
Jewellery
 n - a ring of magical power (left hand)
Scrolls
 e - 4 scrolls of identify
 i - a scroll of blinking
 j - a scroll of vulnerability
 l - 2 scrolls of enchant armour
Potions
 d - a potion of might
 h - 2 potions of invisibility


   Skills:
 * Level 3.4 Fighting
 * Level 3.5 Axes
 + Level 3.2 Armour
 + Level 0.2 Dodging
 + Level 0.1 Stealth
 + Level 3.0 Shields


You had 3 spell levels left.
You didn't know any spells.
Your spell library was empty.

Dungeon Overview and Level Annotations

Branches:
Dungeon (4/15)
 Temple: D:4-7

Altars:

Shops:
D:2 [

Annotations:
D:2 Sigmund
D:4 Dowan, Duvessa


Innate Abilities, Weirdness & Mutations

You have a small tail.


Message History

There is an open door here.
Unknown command.
You feel sick.
* * * LOW HITPOINT WARNING * * *
You feel sick.
Unknown command.
* * * LOW HITPOINT WARNING * * *
You feel sick.
Unknown command.
Your extra speed is starting to run out.
* * * LOW HITPOINT WARNING * * *
You feel sick.
It was a potion of invisibility.
You fade into invisibility!
* * * LOW HITPOINT WARNING * * *
You feel sick.
Dowan says, "Stay away from my face!"
Dowan casts a spell at something.
Unknown command.
It was a potion of attraction.
You feel attractive to monsters.
* * * LOW HITPOINT WARNING * * *
You feel sick. Duvessa is attracted toward you. Dowan is attracted toward you.
Unknown command.
You feel very mighty all of a sudden.
* * * LOW HITPOINT WARNING * * *
You feel sick.
Unknown command.
You closely miss Duvessa.
Your tail-slap misses Duvessa.
* * * LOW HITPOINT WARNING * * *
You feel sick.
Duvessa says, "Where magic fails, the sword succeeds!"
Duvessa barely misses you.
Unknown command.
You completely miss Duvessa.
* * * LOW HITPOINT WARNING * * *
You feel sick.
Dowan says, "My weaknesses are her strengths!"
Duvessa hits you with a +0 short sword.
You die...

#########
.......########
#.....#......#
#....?#.##.#.#
###.....#.#..#.####
........'...Ss...>#
♣♣♣..§.#...<#.#?##
#♣.#S######.#.# ♣
#ee@.....#.#
##########.###.#
.......S....#
#.######.#####
#.......s#####.
######........#
#.######## #.# #.#


You could see Duvessa (can't see you), Dowan (can't see you) and a ball python
(can't see you).

Vanquished Creatures
  Natasha (D:2)
  2 adders
  An ufetubus (D:4)
  A dart slug (D:1)
  An orc (D:2)
  7 ball pythons
  7 endoplasms
  A giant cockroach (D:1)
  6 goblins
  8 hobgoblins
  3 kobolds (D:2)
  2 quokkas
  10 bats
  4 frilled lizards
  9 rats
63 creatures vanquished.

Vanquished Creatures (collateral kills)
  An orc (D:4)
  A hobgoblin (D:4)
2 creatures vanquished.

Grand Total: 65 creatures vanquished

Notes
Turn   | Place    | Note
-------+----------+-------------------------------------------
     0 | D:1      | Morbidden the Demonspawn Fighter began the quest for the
                  | Orb.
     0 | D:1      | Reached XP level 1. HP: 18/18 MP: 1/1
   153 | D:1      | Gained mutation: You have a small tail. [demonic ancestry]
   153 | D:1      | Reached XP level 2. HP: 7/24 MP: 2/2
   802 | D:1      | Reached XP level 3. HP: 29/29 MP: 3/3
  1762 | D:2      | Found Ocraeryd's Armour Emporium.
  1767 | D:2      | Noticed Natasha
  1773 | D:2      | Killed Natasha
  1774 | D:2      | Reached XP level 4. HP: 30/35 MP: 4/4
  1890 | D:2      | Noticed Sigmund
  2292 | D:3      | Found a faded altar of an unknown god.
  2559 | D:4      | Noticed a scorpion
  2600 | D:4      | Noticed Duvessa
  2600 | D:4      | Noticed Dowan
  2610 | D:4      | Slain by Duvessa

Illustrated notes

Levels and vault maps discovered:
D:1:      heliophobic_arrival_glass_houses, layout_basic
D:2:      layout_loops_cross, serial_shops, shop, kennysheep_generic_room_7,
          uniq_sigmund, uniq_natasha
D:3:      layout_rooms, chequers_ecumenical_altar_island
D:4:      layout_basic, enter_ossuary_2, gammafunk_ghost_cemetery,
          minmay_stone_trees_small, uniq_robin, uniq_duvessa

Skill      XL: |  1  2  3 |
---------------+----------+-----
Armour         | 3 |  3.2
Axes           | 2 3 |  3.5
Shields        | 3 |  3.0
Fighting       | |  3.4
Dodging        | |  0.2
Stealth        | |  0.1

Action                   |  1- 3 |  4- 6 || total
-------------------------+-------+-------++-------
Melee: War axe           |   110 |    29 ||   139
       Tailslap          |    10 |     1 ||    11
  Use: Scroll            |       |     7 ||     7
       Potion            |       |     5 ||     5
Armor: Scale mail        |    62 |    15 ||    77
Dodge: Dodged            |    43 |    12 ||    55
Block: Buckler           |    30 |     6 ||    36

Table legend: (Time is in decaauts)
 A = Elapsed time spent in this place.
 B = Non-inter-level travel time spent in this place.
 C = Inter-level travel time spent in this place.
 D = Time resting spent in this place.
 E = Time spent auto-exploring this place.
 F = Levels seen in this place.
 G = Mean time per level.
                   A        B        C        D        E       F      G
               +--------+--------+--------+--------+--------+-----+--------+
         Total |   2657 |   2619 |     38 |    296 |   1868 |   4 |  664.2 |
       Dungeon |   2657 |   2619 |     38 |    296 |   1868 |   4 |  664.2 |
               +--------+--------+--------+--------+--------+-----+--------+

Top non-repeatable levels by time:
     D:1: 1210 daAuts
     D:2: 732 daAuts
     D:3: 623 daAuts
     D:4: 91 daAuts
